 Dungeon Crawl Stone Soup version 0.26.0-15-gc6cd9f700b (webtiles) character file.

Game seed: 16115262318592400506

791 lastplaneout the Ruffian (level 7, 0/59 HPs)
             Began as a Troll Enchanter on Jan 17, 2021.
             Was a Follower of Cheibriados.
             Slain by an orc warrior
             ... wielding a +2 vorpal mace
              (5 damage)
             ... on level 6 of the Dungeon.
             The game lasted 00:10:45 (4283 turns).

lastplaneout the Ruffian (Troll Enchanter)          Turns: 4283, Time: 00:10:45

Health: 0/59       AC:  6    Str: 20    XL:     7   Next: 57%
Magic:  6/7        EV: 10    Int: 14    God:    Cheibriados [*.....]
Gold:   297        SH:  0    Dex: 12    Spells: 2/8 levels left

rFire    . . .     SeeInvis +     - Unarmed
rCold    . . .     Faith    .   (no shield)
rNeg     . . .     Spirit   .   b - +0 robe
rPois    .         Reflect  .   (helmet restricted)
rElec    .         Harm     .   (no cloak)
rCorr    +         Rampage  .   (gloves unavailable)
Will     .....                  (boots unavailable)
Stlth    ++........             p - amulet of the acrobat
HPRegen  0.59/turn              g - ring of see invisible
MPRegen  0.10/turn              j - ring of resist corrosion

@: very slow
A: large, unfitting armour, claws 3, regeneration 1, shaggy fur 1, tough skin 3
a: Renounce Religion, Bend Time


You were on level 6 of the Dungeon.
You worshipped Cheibriados.
Cheibriados was aware of your devotion.
You visited 1 branch of the dungeon, and saw 6 of its levels.

You collected 297 gold pieces.

Inventory:

Armour
 b - a +0 robe (worn)
Jewellery
 g - a ring of see invisible (left claw)
 j - a ring of resist corrosion (right claw)
 m - an uncursed amulet of guardian spirit
 n - an uncursed amulet of magic regeneration
 p - an amulet of the acrobat (around neck)
Wands
 x - a wand of flame (13)
Scrolls
 a - a scroll of teleportation {unknown}
 c - a scroll of immolation {unknown}
 d - 2 scrolls of noise
 e - a scroll of fear {unknown}
 f - a scroll of fog {unknown}
 h - 2 scrolls of enchant weapon {unknown}
 o - 2 scrolls of remove curse {unknown}
 t - a scroll of random uselessness {unknown}
 w - a scroll of magic mapping {unknown}
Potions
 i - 4 potions of brilliance
 k - a potion of lignification {unknown}
 l - 2 potions of curing
 q - 2 potions of magic
 r - a potion of berserk rage {unknown}
 s - a potion of ambrosia {unknown}
 u - a potion of degeneration {unknown}
 v - a potion of might {unknown}


   Skills:
 - Level 0.7 Short Blades
 - Level 1.5 Dodging
 - Level 1.5 Stealth
 + Level 6.7 Unarmed Combat
 - Level 1.2 Spellcasting
 + Level 4.0 Hexes


You had 2 spell levels left.
You knew the following spells:

 Your Spells              Type           Power        Failure   Level
a - Corona                Hex            13%          4%          1
b - Ensorcelled Hibernat  Hex/Ice        12%          17%         2
c - Confusing Touch       Hex            12%          14%         3

Your spell library contained the following spells:

 Spells                   Type           Power        Failure   Level
 Animate Skeleton         Necr           0%           26%         1
 Apportation              Tloc           0%           26%         1
 Summon Small Mammal      Summ           0%           26%         1
 Tukima's Dance           Hex            12%          14%         3
 Dazzling Flash           Conj/Hex       12%          34%         3


Dungeon Overview and Level Annotations

Branches:
Dungeon (6/15)
 Temple: D:4-7

Altars:
Cheibriados
Yredelemnul

Annotations:
D:6 Maggie


Innate Abilities, Weirdness & Mutations

You are too large for most types of armour.
You have claws for hands.
Your natural rate of healing is unusually fast.
You are covered in fur. (AC +1)
You have extremely tough skin. (AC +3)


Message History

The shadow imp closely misses you.
You claw the shadow imp!
You kill the shadow imp!
The orc warrior hits you with a +2 vorpal mace!
* * * LOW HITPOINT WARNING * * *
You feel better. The orc warrior completely misses you.
Casting: Corona (safe; 4% risk of failure)
Confirm with . or Enter, or press ? or * to list all spells.
Aiming: Corona (safe; 4% risk of failure)
Press: ? - help, Shift-Dir - straight line, f - orc warrior
Aim: an orc warrior, wielding a +2 vorpal mace, wearing a +0 chain mail and quivering 14 stones (chance to affect: 49%)
The orc warrior is outlined in light.
You claw the orc warrior!
The orc warrior is heavily wounded.
The orc warrior hits you with a +2 vorpal mace.
You scratch the orc warrior but do no damage.
The orc warrior is heavily wounded.
The orc warrior hits you with a +2 vorpal mace!
* * * LOW HITPOINT WARNING * * *
You die...

............... ...
......##..
.........##########
.........##.......#
.........##.......#
###......##.......#
.........)........###.
........o)............
......)@........(..[..
.......(###...........
.........##...........
......................
.........##.#...#....#
.........##.#.###.##.#
............#).......#
............#.......<#
. ... #(....######


You could see an orc warrior (corona).

Vanquished Creatures
  Sigmund (D:3)
  A sky beast (D:3)
  A scorpion (D:4)
  2 bullfrog zombies
  2 hounds
  An orc priest (D:6)
  An orc wizard (D:6)
  An iguana (D:5)
  4 worker ants
  A hound skeleton (D:5)
  A gnoll (D:5)
  6 adders
  A howler monkey skeleton (D:6)
  A white imp (D:5)
  A worm (D:2)
  2 dart slugs
  5 leopard geckos
  5 orcs
  6 giant cockroaches
  4 goblins
  5 hobgoblins
  11 jackals
  A quokka (D:4)
  2 ball pythons
  8 bats
  3 frilled lizards
  A jackal skeleton (D:4)
  7 kobolds
  A leopard gecko skeleton (D:2)
  A quokka zombie (D:5)
  5 rats
92 creatures vanquished.

Notes
Turn   | Place    | Note
-------+----------+-------------------------------------------
     0 | D:1      | lastplaneout the Troll Enchanter began the quest for the
                  | Orb.
     0 | D:1      | Reached XP level 1. HP: 16/16 MP: 1/1
   122 | D:1      | Reached XP level 2. HP: 23/24 MP: 2/2
   130 | D:1      | Learned a level 2 spell: Ensorcelled Hibernation
   921 | D:2      | Reached skill level 1 in Unarmed Combat
   921 | D:2      | Reached XP level 3. HP: 29/31 MP: 1/3
  1657 | D:2      | Reached skill level 2 in Unarmed Combat
  1657 | D:2      | Reached XP level 4. HP: 32/39 MP: 2/4
  1867 | D:3      | Noticed a sky beast
  1888 | D:3      | Killed a sky beast
  1889 | D:3      | Reached skill level 3 in Unarmed Combat
  1889 | D:3      | Reached XP level 5. HP: 22/45 MP: 2/5
  1919 | D:3      | Learned a level 3 spell: Confusing Touch
  2099 | D:3      | Reached skill level 4 in Unarmed Combat
  2341 | D:3      | Noticed Sigmund
  2353 | D:3      | Killed Sigmund
  2354 | D:3      | Reached skill level 5 in Unarmed Combat
  2354 | D:3      | Reached XP level 6. HP: 27/53 MP: 1/6
  2386 | D:3      | Found a snail-covered altar of Cheibriados.
  2399 | D:3      | Became a worshipper of Cheibriados the Contemplative
  2511 | D:3      | Found a basalt altar of Yredelemnul.
  3037 | D:4      | Reached XP level 7. HP: 49/59 MP: 5/7
  3635 | D:5      | Entered Level 5 of the Dungeon
  3694 | D:5      | Reached skill level 6 in Unarmed Combat
  3959 | D:5      | Reached * piety under Cheibriados
  4252 | D:6      | Noticed Maggie
  4283 | D:6      | Slain by an orc warrior

Illustrated notes

Levels and vault maps discovered:
D:1:      scummos_arrival_hexagon, layout_basic, minmay_misc_feat_iff,
          patterned_corridor
D:2:      layout_loops_corners, serial_glass, glass_columns_a, glass_columns_c,
          ebering_dispersal_statue_hall, supply_closet_lemuel, feat_on_display
D:3:      layout_basic, yredelemnul_altar_generic,
          lemuel_coloured_pillars_altar, uniq_sigmund
D:4:      layout_basic, item_on_display_a
D:5:      layout_cave_pools, minmay_misc_feat_room, grunt_decor_arrowhead
D:6:      layout_basic, trog_ov_bears_minmay, uniq_maggie

Skill      XL: |  1  2  3  4  5  6  7 |
---------------+----------------------+-----
Unarmed Combat | 1 2 3 5 6 |  6.7
Hexes          | 3 4 |  4.0
Short Blades   | |  0.7
Dodging        | |  1.5
Stealth        | |  1.5
Spellcasting   | |  1.2

Action                   |  1- 3 |  4- 6 |  7- 9 || total
-------------------------+-------+-------+-------++-------
Melee: Unarmed           |   134 |    95 |    76 ||   305
 Cast: Corona            |     8 |    15 |    10 ||    33
  Use: Scroll            |     2 |       |     5 ||     7
       Potion            |       |       |     1 ||     1
 Stab: Sleeping          |     1 |     1 |     1 ||     3
       Distracted        |     1 |       |       ||     1
Armor: Robe              |    72 |    41 |    13 ||   126
Dodge: Dodged            |    98 |    62 |    58 ||   218
